 Dungeon Crawl Stone Soup version 0.19-a0-1937-g70ed36a (webtiles) character file.

281 MopNGlo the Digger (level 6, -6/33 HPs)
             Began as a Gargoyle Earth Elementalist on Oct 27, 2016.
             Mangled by an orc warrior
             ... wielding a +0 dire flail
              (16 damage)
             ... on level 3 of the Dungeon.
             The game lasted 00:18:37 (4782 turns).

MopNGlo the Digger (Gargoyle Earth Elementalist)    Turns: 4782, Time: 00:18:38

Health: -6/33      AC:  8    Str: 11    XL:     6   Next: 27%
Magic:  7/9        EV: 12    Int: 18    God:
Gold:   89         SH:  0    Dex: 10    Spells: 3 memorised, 0 levels left

rFire  . . .     SeeInvis .     j - 25 stones
rCold  . . .     Gourm    .     h - +1 robe {MR+}
rNeg   + . .     Faith    .     (no shield)
rPois  ∞         Spirit   .     b - +0 helmet
rElec  +         Reflect  .     (no cloak)
rCorr  .         Harm     .     (no gloves)
MR     +....                    (no boots)
Stlth  ++........               (no amulet)
                                (no ring)
                                (no ring)

@: no status effects
A: negative energy resistance 1, electricity resistance, unbreathing,
petrification resistance, rot immunity, AC +4
a: no special abilities


You were on level 3 of the Dungeon.
You were not hungry.

You visited 1 branch of the dungeon, and saw 3 of its levels.

You collected 89 gold pieces.

Inventory:

Hand Weapons
 f - a +0 whip
 k - a +0 short sword of holy wrath
 m - a +1 spear of pain
 q - a +1 hand axe of chopping
 t - a +0 flail of protection
 v - a +2 dagger of venom
Missiles
 j - 25 stones (in hand)
Armour
 b - a +0 helmet (worn)
 c - a +0 robe
 h - a +1 robe of magic resistance (worn)
Wands
 u - a wand of polymorph (7/24)
Scrolls
 i - a scroll of enchant weapon {unknown}
 l - a scroll of noise {unknown}
 o - a scroll of blinking {unknown}
 r - a scroll of teleportation {unknown}
Potions
 a - 3 potions of lignification
 p - a potion of haste {unknown}
 s - 2 potions of might {unknown}
Books
 e - a book of Geomancy

   Spells                             Type                      Level
   a - Sandblast                      Earth                        1
   b - Passwall                       Transmutation/Earth          2
   c - Stone Arrow                    Conjuration/Earth            3
   d - Petrify                        Transmutation/Earth          4
   e - Lee's Rapid Deconstruction     Earth                        5
 n - a book of Misfortune

   Spells                             Type                      Level
   a - Confusing Touch                Hexes                        1
   b - Confuse                        Hexes                        3
   c - Gell's Gravitas                Hexes/Translocation          3
   d - Petrify                        Transmutation/Earth          4
   e - Metabolic Englaciation         Hexes/Ice                    5
   f - Yara's Violent Unravelling     Hexes/Transmutation          5
Comestibles
 g - 3 meat rations


   Skills:
 - Level 0.7 Fighting
 - Level 0.1 Short Blades
 - Level 1.6 Maces & Flails
 - Level 0.1 Polearms
 - Level 1.5 Dodging
 - Level 2.1 Stealth
 - Level 2.0 Spellcasting
 - Level 0.7 Conjurations
   Level 0.7 Transmutations
 * Level 7.6 Earth Magic


You couldn't memorise any spells.
You knew the following spells:

 Your Spells              Type           Power        Failure   Level  Hunger
a - Sandblast             Erth           ####..       1%          1    #......
b - Stone Arrow           Conj/Erth      ###...       12%         3    ###....
c - Lee's Rapid Deconstr  Erth           ####......   24%         5    ######.


Dungeon Overview and Level Annotations

Branches:
Dungeon (3/15)

Altars:
Dithmenos
Uskayaw
Yredelemnul


Innate Abilities, Weirdness & Mutations

You are resistant to torment.
Your stone body is resilient. (AC +4)
You are immune to poison.
You resist negative energy. (rN+)
You are resistant to electric shocks. (rElec)
You can survive without breathing.
You are immune to petrification.
You are immune to rotting.


Message History

Your +0 flail of protection goes still.
j - 27 stones (in hand)
Casting: Stone Arrow
Confirm with . or Enter, or press ? or * to list all spells.
Aiming: Sandblast
Press: ? - help, Shift-Dir - straight line, f - orc warrior
Aim: an orc warrior, wielding a dire flail and wearing a chain mail The rocky blast hits the orc warrior.
The orc warrior is lightly wounded.
Casting: Sandblast
Confirm with . or Enter, or press ? or * to list all spells.
Aiming: Sandblast
Press: ? - help, Shift-Dir - straight line, f/p - orc warrior
Aim: an orc warrior, wielding a dire flail and wearing a chain mail (lightly wounded)
The rocky blast hits the orc warrior.
The orc warrior is moderately wounded.
The orc warrior hits you with a dire flail!!
Ouch! That really hurt!
The orc warrior hits you with a dire flail!
You die...

.....#.## #..# #.# #.##.......
.....##.####.## #.# #..#†......
..............# #.# #..........
.........###..# #.# #.###......
###......###..####.####.#
##....# #.....................#
######
#...........†.##'#######. #
#...........#..<.........# ##
#.......#...#.@[....####.# #.
######..#...#.o.....# #.# #.
#<......#...#.#.[##.####.# #.
######..##..#(#..##.##...#####.
#......#.#..##.##...+.....
#.#....#.#..##.##...#####)
#.#.......................
######....................>....
#.......)................#.###.


You could see an orc warrior.

Vanquished Creatures
  Ijyb (D:3)
  Robin (D:3)
  3 gnolls (D:2)
  A howler monkey skeleton (D:3)
  7 adders
  An ooze (D:1)
  3 worms
  2 dart slugs
  3 leopard geckos
  14 orcs (D:3)
  8 bats
  11 giant cockroaches
  19 goblins
  12 hobgoblins
  3 jackals (D:1)
  2 ball pythons (D:2)
  2 frilled lizards
  9 kobolds
  5 rats
107 creatures vanquished.

Notes
Turn   | Place    | Note
-------+----------+-------------------------------------------
     0 | D:1      | MopNGlo the Gargoyle Earth Elementalist began the quest for the Orb.
     0 | D:1      | Reached XP level 1. HP: 10/10 MP: 3/3
   184 | D:1      | Reached skill level 4 in Earth Magic
   240 | D:1      | Reached XP level 2. HP: 15/15 MP: 1/5
   629 | D:1      | Reached skill level 5 in Earth Magic
   629 | D:1      | Reached XP level 3. HP: 19/19 MP: 3/6
   637 | D:1      | Learned a level 3 spell: Stone Arrow
   830 | D:2      | Found a basalt altar of Yredelemnul.
   830 | D:2      | Found a hide-covered altar of Uskayaw.
   830 | D:2      | Found a shadowy altar of Dithmenos.
  1538 | D:2      | Reached XP level 4. HP: 24/24 MP: 7/7
  1981 | D:2      | Reached skill level 6 in Earth Magic
  2254 | D:2      | Reached skill level 1 in Maces & Flails
  2397 | D:2      | Reached XP level 5. HP: 20/28 MP: 3/8
  3014 | D:3      | Noticed Robin
  3330 | D:3      | Killed Robin
  3404 | D:3      | Noticed an orc warrior
  3417 | D:3      | HP: 1/28 [orc warrior/dire flail (21)]
  4079 | D:3      | Reached skill level 7 in Earth Magic
  4167 | D:3      | Reached XP level 6. HP: 30/33 MP: 9/9
  4283 | D:3      | Noticed Ijyb
  4298 | D:3      | Killed Ijyb
  4654 | D:2      | Learned a level 5 spell: Lee's Rapid Deconstruction
  4782 | D:3      | Mangled by an orc warrior

Vault maps used:
D:1:      minmay_arrival_semitransparent
D:2:      gammafunk_temple_overflow_forgotten, minmay_misc_feat_nine_boxes
D:3:      minmay_roachtagon, cheibrodos_gnoll_hut, uniq_robin, uniq_iyjb,
          uniq_grinder

Skill      XL: |  1  2  3  4  5 |
---------------+----------------+-----
Earth Magic    | 4 5 6 7 |  7.6
Maces & Flails | 1 |  1.6
Fighting       | |  0.7
Short Blades   | |  0.1
Polearms       | |  0.1
Dodging        | |  1.5
Stealth        | |  2.1
Spellcasting   | |  2.0
Conjurations   | |  0.7
Transmutations | |  0.7

Action                   |  1- 3 |  4- 6 || total
-------------------------+-------+-------++-------
Melee: Whip              |    37 |    37 ||    74
       Spear             |       |    76 ||    76
       Hand axe          |       |    46 ||    46
       Short sword       |       |    25 ||    25
       Unarmed           |       |    13 ||    13
       Flail             |       |    11 ||    11
 Cast: Sandblast         |    31 |    45 ||    76
       Stone Arrow       |     5 |     6 ||    11
  Use: Scroll            |     1 |       ||     1
       Potion            |     1 |       ||     1
 Stab: Sleeping          |       |     4 ||     4
  Eat: Chunk             |     2 |     3 ||     5
       Bread ration      |       |     3 ||     3
Armor: Robe              |    28 |   125 ||   153
       Skin              |     6 |     5 ||    11
Dodge: Dodged            |    32 |   170 ||   202
